[Event "*** Titled Tuesday Blitz"]
[Site "Chess.com"]
[Date "2020.03.03"]
[Round "7"]
[White "ZenBull"]
[Black "vaishali2001"]
[Result "0-1"]
[WhiteElo "2170"]
[BlackElo "2488"]
[TimeControl "180+1"]
[EndTime "10:11:33 PST"]
[Termination "vaishali2001 won by resignation"]

1. Nf3 Nf6 2. c4 g6 3. Nc3 d5 4. Qa4+ Nc6 5. cxd5 Nxd5 6. Ne5 Qd6 7. Nxc6 Qxc6 8.
Qxc6+ bxc6 9. a3 Bg7 10. e4 Nxc3 11. dxc3 Rb8 12. Bd3 a5 13. a4 O-O 14. O-O Rd8 15.
Bc2 Be6 16. Rb1 Ba2 17. Ra1 Bb3 18. Bxb3 Rxb3 19. Re1 c5 20. Kf1 c4 21. Ke2 e6 22.
Rd1 Rd6 23. f4 Bf8 24. e5 Rd5 25. Rd2 c6 26. Kd1 Bc5 27. Kc2 Rb7 28. Rxd5 cxd5 29.
Bd2 h5 30. g3 Kg7 31. Re1 Rb8 32. Be3 Bxe3 33. Rxe3 Kf8 34. Re2 Ke7 35. Rd2 Kd7 36. Kd1 Kc6 37. Ke2 Kc5 38. Ke3 Rb3 39. Rg2 d4+ 40. Ke4 dxc3 41. bxc3 Rxc3 42. Rb2 Rb3 43.
Rc2 Kb4 44. Kd4 Rd3+ 45. Ke4 Rd1 46. h3 c3 47. g4 Kb3 0-1

[Event "*** Titled Tuesday Blitz"]
[Site "Chess.com"]
[Date "2020.03.03"]
[Round "7"]
[White "GMSrinath"]
[Black "praveenb2002"]
[Result "1-0"]
[WhiteElo "2865"]
[BlackElo "2603"]
[TimeControl "180+1"]
[EndTime "10:11:34 PST"]
[Termination "GMSrinath won by resignation"]

1. c4 e5 2. d3 Nf6 3. Nf3 Nc6 4. a3 d5 5. cxd5 Nxd5 6. e3 Be6 7. b4 f6 8. Bb2 Be7 9. Nbd2 O-O 10. d4 exd4 11. Nxd4 Nxd4 12. Bxd4 a5 13. b5 Kh8 14.
Bc4 Qd7 15. O-O Rad8 16. Qc2 Nf4 17. Rfd1 Bxc4 18. Nxc4 Nd5 19. b6 c5 20. Bc3 Qc6 21. Bxa5 Rd7 22. g3 Bd8 23. e4 Nxb6 24. Bxb6 Rxd1+ 25.
Rxd1 Bxb6 26. Rd6 Qc7 27. Rxb6 Rd8 28. Rb1 Rd4 29. Rd1 b5 30. Ne3 Ra4 31. Qxc5 1-0

[Event "*** Titled Tuesday Blitz"]
[Site "Chess.com"]
[Date "2020.03.03"]
[Round "7"]
[White "boasovietica"]
[Black "isla88"]
[Result "0-1"]
[WhiteElo "2498"]
[BlackElo "2312"]
[TimeControl "180+1"]
[EndTime "10:11:38 PST"]
[Termination "isla88 won by resignation"]

1. Nf3 Nf6 2. b3 c5 3. Bb2 Nc6 4. e3 e6 5. d4 b6 6. Nbd2 Be7 7. Bd3 Bb7 8. a3 d6 9. O-O Qc7 10. Qe2 a6 11. c4 cxd4 12. exd4 O-O 13. Rac1 Rac8 14.
d5 Nd8 15. dxe6 Nxe6 16. Ne4 Nf4 17. Qe3 Nxd3 18. Bxf6 Bxe4 19. Bxe7 Qxe7 20. Rcd1 Nc5 21. b4 Nd7 22. Rfe1 Rfe8 23. Nd2 f5 24. f3 Ne5 25. fxe4 Nxc4 26. Nxc4 Rxc4 27. Qb3 b5 28. Rd4 Qa7 29. Rd1 Rxe4 0-1

[Event "*** Titled Tuesday Blitz"]
[Site "Chess.com"]
[Date "2020.03.03"]
[Round "7"]
[White "Babas"]
[Black "GianmarcoVaR"]
[Result "0-1"]
[WhiteElo "2377"]
[BlackElo "2551"]
[TimeControl "180+1"]
[EndTime "10:11:46 PST"]
[Termination "GianmarcoVaR won by resignation"]

1. d4 Nf6 2. Nf3 e6 3. c4 b6 4.
a3 c5 5. d5 Ba6 6. Qc2 exd5 7.
cxd5 g6 8. Nc3 d6 9. Bg5 Bg7 10. g3 O-O 11. Bg2 Re8 12. O-O Nbd7 13. b4 Rc8 14. b5 Bb7 15. e4 h6 16. Bf4 Ng4 17.
Bxd6 Qf6 18. e5 Ngxe5 19. Nxe5 Nxe5 20. Ne4 Qf5 21. Rad1 Nf3+ 22. Bxf3 Qxf3 23. Rfe1 Bd4 24. Rxd4 cxd4 25. Qb1 Bxd5 0-1

[Event "*** Titled Tuesday Blitz"]
[Site "Chess.com"]
[Date "2020.03.03"]
[Round "7"]
[White "MokshAD1603"]
[Black "ZWISCHENZUGGED"]
[Result "0-1"]
[WhiteElo "2198"]
[BlackElo "2547"]
[TimeControl "180+1"]
[EndTime "10:11:54 PST"]
[Termination "ZWISCHENZUGGED won by resignation"]

1. Nf3 d5 2. d4 Nf6 3. c4 c6 4. Nc3 e6 5. e3 Nbd7 6. Qc2 Bd6 7.
Bd3 dxc4 8. Bxc4 b5 9. Be2 Bb7 10. O-O O-O 11. e4 e5 12. dxe5 Nxe5 13. Nh4 Qc7 14.
f4 Neg4 15. e5 Bc5+ 16. Kh1 Nf2+ 17. Rxf2 Bxf2 18. Nf5 Nd7 19. Nxb5 Qb6 20. Nbd6 c5 21. Bd3 c4 22. Nxc4 Qc5 23. b4 Qxb4 24. Qxf2 Qc3 25.
Rb1 Qxd3 26. Ne7+ Kh8 27. Rxb7 Qxc4 28. Bb2 Rab8 29. Rxd7 Rxb2 30. Qg1 Qxa2 31. Rxa7 Qb3 32. Rd7 Rb1 33. h3 Rxg1+ 34. Kxg1 Qe3+ 35. Kh1 Qxf4 36. Nc6 Qc1+ 37. Kh2 Qxc6 0-1

[Event "*** Titled Tuesday Blitz"]
[Site "Chess.com"]
[Date "2020.03.03"]
[Round "7"]
[White "Sashadav97"]
[Black "floplover"]
[Result "0-1"]
[WhiteElo "2556"]
[BlackElo "2336"]
[TimeControl "180+1"]
[EndTime "10:11:55 PST"]
[Termination "floplover won by checkmate"]

1. d4 Nf6 2. c4 e6 3. Nc3 Bb4 4. e3 O-O 5. Bd3 c5 6. Nf3 d5 7. cxd5 exd5 8. dxc5 Bxc3+ 9. bxc3 Qa5 10. O-O Nc6 11. Rb1 Qxc5 12. Qb3 Re8 13. Ba3 Qa5 14. c4 Be6 15. Bb2 dxc4 16. Bxc4 Bxc4 17. Qxc4 Ne4 18.
Bxg7 Kxg7 19. Rxb7 Nd8 20. Rd7 Nf6 21. Rd6 Ne6 22.
Ra6 Qc7 23. Qh4 Rac8 24. Ng5 Qc4 25. Nxe6+ Rxe6 26. Qg5+ Kf8 27. Rxa7 Ne4 28. Qf5 Rf6 29.
Qxh7 Qxf1+ 30. Kxf1 Rxf2+ 31. Ke1 Rc1# 0-1

[Event "*** Titled Tuesday Blitz"]
[Site "Chess.com"]
[Date "2020.03.03"]
[Round "7"]
[White "chigorin28"]
[Black "David_Paravyan"]
[Result "0-1"]
[WhiteElo "2687"]
[BlackElo "2828"]
[TimeControl "180+1"]
[EndTime "10:11:56 PST"]
[Termination "David_Paravyan won on time"]

1. e4 c5 2. Nf3 d6 3. d4 cxd4 4. Nxd4 Nf6 5. Nc3 a6 6. Bg5 e6 7. f4 Be7 8. Qd2 h6 9. Bh4 Nxe4 10. Nxe4 Bxh4+ 11. g3 d5 12. O-O-O Be7 13. Nf2 Nc6 14. Nf3 Qa5 15. Qxa5 Nxa5 16. f5 Bf6 17. fxe6 Bxe6 18. Nd3 Nc4 19. c3 O-O-O 20. Nf4 Bg4 21. Bh3 h5 22. Rde1 g5 23. Nxh5 Bxh3 24. Nxf6 Bg2 25. Rhf1 Bxf1 26. Rxf1 Ne3 27. Re1 Rd6 28. Rxe3 Rxf6 29.
Kc2 g4 30. Nd4 Rf2+ 31. Kb3 Rhxh2 0-1

[Event "*** Titled Tuesday Blitz"]
[Site "Chess.com"]
[Date "2020.03.03"]
[Round "7"]
[White "FearNoEvil12"]
[Black "Sordis"]
[Result "1-0"]
[WhiteElo "1993"]
[BlackElo "2350"]
[TimeControl "180+1"]
[EndTime "10:11:57 PST"]
[Termination "FearNoEvil12 won by checkmate"]

1. e4 c6 2. d4 d5 3. Nc3 dxe4 4. Nxe4 Bf5 5. Ng3 Bg6 6. Bc4 e6 7. N1e2 Nf6 8. O-O Bd6 9. f4 Bf5 10. Nxf5 exf5 11. Ng3 g6 12. Re1+ Kf8 13. b3 h5 14.
Bb2 Nbd7 15. d5 c5 16. Be5 h4 17. Bxd6+ Kg7 18. Nf1 Ne4 19. Be5+ f6 20. Bb2 a6 21. a4 Nb6 22. Nd2 Nd6 23. Nf3 Nbxc4 24. bxc4 Nxc4 25. Bc3 h3 26. Ng5 Qd7 27. Qd3 Nd6 28.
g3 b5 29. Re6 Raf8 30. Rae1 Ne4 31. Nxe4 fxe4 32. Qxe4 Rf7 33. d6 Rhf8 34. Qd5 b4 35.
Bb2 Qxa4 36. Rxf6 Rxf6 37. Re7+ Kh8 38. Qg5 Rf7 39. Bxf6+ Kg8 40. Qxg6+ Rg7 41. Qxg7# 1-0

[Event "*** Titled Tuesday Blitz"]
[Site "Chess.com"]
[Date "2020.03.03"]
[Round "7"]
[White "GadimbayliA"]
[Black "MiroVlasenko"]
[Result "1-0"]
[WhiteElo "2903"]
[BlackElo "2631"]
[TimeControl "180+1"]
[EndTime "10:11:58 PST"]
[Termination "GadimbayliA won by resignation"]

1. e4 Nc6 2. Nf3 d6 3. d4 Nf6 4.
Nc3 g6 5. Be2 Bg7 6. O-O O-O 7.
d5 Nb8 8. Re1 c6 9. a4 Bg4 10.
Be3 Nbd7 11. a5 Bxf3 12. Bxf3 Qc7 13. Be2 cxd5 14. exd5 a6 15. Na4 Rac8 16. c3 Rfe8 17. Qb3 Ne4 18. Nb6 Nec5 19. Qc2 Nxb6 20. axb6 Qd8 21.
Bg4 Nd7 22. Bh3 Rb8 23. Qb3 Nc5 24. Qc4 h5 25. f4 f5 26. Bxc5 dxc5 27. Re6 Kh7 28.
Rae1 Qd7 29. Qd3 Bf6 30. Bxf5 1-0

[Event "*** Titled Tuesday Blitz"]
[Site "Chess.com"]
[Date "2020.03.03"]
[Round "7"]
[White "Alopekos"]
[Black "NM2019"]
[Result "1-0"]
[WhiteElo "2444"]
[BlackElo "2013"]
[TimeControl "180+1"]
[EndTime "10:11:58 PST"]
[Termination "Alopekos won by checkmate"]

1. d4 c5 2. d5 b5 3. e4 a6 4. f4 d6 5. c4 b4 6. Nf3 g6 7. Nbd2 Bg7 8. Rb1 e6 9. b3 Ne7 10. Bb2 O-O 11. Bxg7 Kxg7 12. Be2 exd5 13. exd5 Nf5 14. Nf1 Re8 15. g4 Ne3 16. Nxe3 Rxe3 17. Qd2 Qe7 18. Kf2 Re4 19. h3 Nd7 20. Bd3 Nf6 21. g5 Nh5 22. Bxe4 Qxe4 23. Rbe1 Qf5 24. Qb2+ Kf8 25. Qh8# 1-0

[Event "*** Titled Tuesday Blitz"]
[Site "Chess.com"]
[Date "2020.03.03"]
[Round "7"]
[White "Eloist"]
[Black "Hubbery"]
[Result "1-0"]
[WhiteElo "2278"]
[BlackElo "2535"]
[TimeControl "180+1"]
[EndTime "10:12:03 PST"]
[Termination "Eloist won by resignation"]

1. e4 e5 2. Bc4 Nc6 3. Nf3 Bc5 4. c3 Nf6 5. d3 O-O 6. O-O a5 7. d4 Bb6 8. dxe5 Nxe4 9. Qd5 Nc5 10. Bg5 Qe8 11.
Re1 Ne6 12. Be3 Bxe3 13. Rxe3 a4 14. Nbd2 Ra5 15. Qe4 Qe7 16. Bd3 g6 17. Nc4 Ra8 18. Rae1 b5 19. Ncd2 b4 20. cxb4 Qxb4 21. Nc4 Ba6 22.
a3 Qe7 23. Qg4 Kg7 24. h4 h5 25. Qg3 Nc5 26. Bf1 Rab8 27. Rd1 Rb3 28. Rxb3 axb3 29. Ne3 Bxf1 30. Nf5+ Kh7 31. Nxe7 Nxe7 32. Kxf1 Ne6 33. Ng5+ Nxg5 34. Qxg5 1-0

[Event "*** Titled Tuesday Blitz"]
[Site "Chess.com"]
[Date "2020.03.03"]
[Round "7"]
[White "mitrabhaa"]
[Black "Dave_ChessMate"]
[Result "1-0"]
[WhiteElo "2642"]
[BlackElo "2452"]
[TimeControl "180+1"]
[EndTime "10:12:06 PST"]
[Termination "mitrabhaa won by checkmate"]

1. Nf3 c5 2. g3 Nc6 3. Bg2 g6 4. O-O Bg7 5. c4 Nf6 6. Nc3 O-O 7. d4 cxd4 8. Nxd4 Qa5 9. Nb3 Qh5 10.
c5 d6 11. cxd6 Rd8 12. e4 Qxd1 13. Rxd1 exd6 14. Bf4 Ne8 15. Rd2 Be6 16. Rad1 Bxb3 17. axb3 Be5 18. Bg5 f6 19. Be3 Bxc3 20. bxc3 a5 21.
Bb6 Rd7 22. Bf1 Re7 23. f3 a4 24. b4 a3 25. Ra1 f5 26. Bc4+ Kg7 27. exf5 gxf5 28.
Kf2 Ne5 29. Bd5 Nf6 30. Bb3 Rc8 31. Bd4 Ra8 32. Rda2 Nd3+ 33. Kg2 Rae8 34. Bc4 Re2+ 35. Rxe2 Rxe2+ 36. Kh3 Nf2+ 37. Kh4 Rc2 38. Kg5 Nh3+ 39. Kxf5 Kh6 40. Kxf6 Rxh2 41. Be3+ Kh5 42. Bf7# 1-0

[Event "*** Titled Tuesday Blitz"]
[Site "Chess.com"]
[Date "2020.03.03"]
[Round "7"]
[White "vovachesss"]
[Black "inegrepus"]
[Result "1-0"]
[WhiteElo "2567"]
[BlackElo "2287"]
[TimeControl "180+1"]
[EndTime "10:12:07 PST"]
[Termination "vovachesss won by resignation"]

1. d4 e6 2. Nf3 Nf6 3. Bg5 Be7 4. Nbd2 d5 5. e3 c5 6. c3 b6 7.
Bd3 O-O 8. O-O Bb7 9. Qc2 h6 10.
Bf4 Nc6 11. Rfe1 cxd4 12. exd4 Rc8 13. a3 Nh5 14. Be5 Nxe5 15. Nxe5 Nf4 16. Bh7+ Kh8 17.
g3 Nh3+ 18. Kg2 Ng5 19. Bd3 Bf6 20. h4 Bxe5 21. Rxe5 Ne4 22. Nxe4 dxe4 23. Bxe4 Bxe4+ 24. Qxe4 Qd6 25. Re1 Rc7 26. g4 Qc6 27. d5 exd5 28.
Rxd5 Rd7 29. c4 Rfd8 30. Red1 Rxd5 31. Rxd5 Rc8 32. Rd8+ 1-0

[Event "*** Titled Tuesday Blitz"]
[Site "Chess.com"]
[Date "2020.03.03"]
[Round "7"]
[White "GelmanAlexander"]
[Black "AniJak"]
[Result "0-1"]
[WhiteElo "2444"]
[BlackElo "2194"]
[TimeControl "180+1"]
[EndTime "10:12:12 PST"]
[Termination "AniJak won on time"]

1. e4 c6 2. Ne2 d5 3. e5 Bf5 4. Ng3 Bg6 5. h4 h6 6. h5 Bh7 7. e6 fxe6 8. d4 Nd7 9. f4 Ngf6 10. Bd3 c5 11. Bxh7 Rxh7 12. Qd3 Qa5+ 13. Bd2 Qb6 14. Qg6+ Kd8 15. Nc3 cxd4 16. Na4 Qc6 17. b3 e5 18.
O-O e4 19. Rad1 Rh8 20. Bb4 Ne8 21. Rxd4 Qxg6 22. hxg6 e6 23. f5 e5 24. Bxf8 exd4 25.
Ba3 Nef6 26. Rd1 Rc8 27. Rxd4 b5 28. Nb2 Rxc2 29. Nd1 Rxa2 30. Bd6 Ra6 31. Bb4 Ra1 32. Kf2 a5 0-1

[Event "*** Titled Tuesday Blitz"]
[Site "Chess.com"]
[Date "2020.03.03"]
[Round "7"]
[White "burbur555"]
[Black "Terao90"]
[Result "1-0"]
[WhiteElo "2590"]
[BlackElo "2410"]
[TimeControl "180+1"]
[EndTime "10:12:17 PST"]
[Termination "burbur555 won by resignation"]

1. c4 Nf6 2. g3 e6 3. Bg2 d5 4. Nf3 Be7 5. O-O O-O 6. d4 dxc4 7. Qc2 a6 8. a4 Bd7 9. Nbd2 Bc6 10. Nxc4 Be4 11. Qd1 Nbd7 12. Ncd2 Bd5 13. Qc2 c5 14. e4 Bc6 15. Ne5 Nxe5 16. dxe5 Nd7 17. f4 b5 18. b3 Qb6 19. Kh1 Rac8 20. Bb2 Rfd8 21. Bc3 c4 22. axb5 cxb3 23. Qxb3 Bxb5 24. Ba5 Qd4 25. Nf3 Qxe4 26. Rfe1 Nc5 27. Qb2 Qg6 28. Bxd8 Nd3 29. Qd2 Rxd8 30. Red1 Bc5 31. Qc2 Bb6 32. Rd2 h6 33. Nh4 Qh5 34. Be4 Nb4 35. Rxd8+ Bxd8 36. Qc8 1-0

[Event "*** Titled Tuesday Blitz"]
[Site "Chess.com"]
[Date "2020.03.03"]
[Round "7"]
[White "albi1999"]
[Black "GM_dmitrij"]
[Result "0-1"]
[WhiteElo "2593"]
[BlackElo "2812"]
[TimeControl "180+1"]
[EndTime "10:12:18 PST"]
[Termination "GM_dmitrij won by resignation"]

1. d4 Nf6 2. c4 e6 3. Nf3 b6 4. g3 Ba6 5. b3 Bb4+ 6. Bd2 Be7 7.
Nc3 d5 8. cxd5 exd5 9. Bg2 O-O 10. O-O Re8 11. Ne5 Bb7 12. Qc2 Nbd7 13. Rad1 Rc8 14.
Bf4 Nf8 15. Nb5 a5 16. Bh3 Ne6 17. Nc6 Qd7 18. Rc1 Bf8 19. Nca7 Ra8 20. Bxe6 Qxe6 21.
Qxc7 Qh3 22. f3 Rxe2 23. Rf2 Rxf2 24. Kxf2 Qxh2+ 25. Ke3 Ba6 26. Qxb6 Re8+ 27. Be5 Qh6+ 28. f4 Ng4+ 29. Kf3 Qxb6 0-1

[Event "*** Titled Tuesday Blitz"]
[Site "Chess.com"]
[Date "2020.03.03"]
[Round "7"]
[White "Eliclax"]
[Black "mortngabriel"]
[Result "0-1"]
[WhiteElo "1914"]
[BlackElo "2400"]
[TimeControl "180+1"]
[EndTime "10:12:22 PST"]
[Termination "mortngabriel won by checkmate"]

1. d4 Nf6 2. c4 c5 3. d5 b5 4.
b3 g6 5. Bb2 bxc4 6. bxc4 Bg7 7. Nd2 O-O 8. e4 d6 9. Ngf3 Bg4 10. Bd3 Nbd7 11. h3 Bxf3 12. Nxf3 Rb8 13. Qc2 Rxb2 14. Qxb2 Nxd5 15. Qc1 Nb4 16. Ke2 Bxa1 17. Qxa1 Qa5 18. a3 Nxd3 19. Kxd3 Rb8 20. Nd2 Ne5+ 21. Ke3 Qa4 22.
Rc1 Nc6 23. Qc3 Nd4 24. Rb1 Rxb1 25. Nxb1 Qd1 26. Qb2 e5 27. Nc3 Qe1+ 28. Ne2 f5 29. Qb8+ Kg7 30. Qc7+ Kh6 31. Qxd6 Qxe2# 0-1

[Event "*** Titled Tuesday Blitz"]
[Site "Chess.com"]
[Date "2020.03.03"]
[Round "7"]
[White "Ariadna_Atreides"]
[Black "SubrotaBiswas"]
[Result "0-1"]
[WhiteElo "2117"]
[BlackElo "2468"]
[TimeControl "180+1"]
[EndTime "10:12:24 PST"]
[Termination "SubrotaBiswas won by resignation"]

1. d4 Nf6 2. Nf3 e6 3. e3 b6 4. Bd3 d5 5. O-O Be7 6. Nbd2 Ba6 7. Bxa6 Nxa6 8. Qe2 Qc8 9. c3 O-O 10. Ne5 c5 11. f4 Ne4 12. Nxe4 dxe4 13. Ng4 Nc7 14. b3 Nd5 15. Bb2 cxd4 16. exd4 Nxc3 17. Qc2 Nd5 18. Qe2 f5 19. Ne5 Qb7 20. a4 a5 21.
g3 Rac8 22. Ba3 Bxa3 23. Rxa3 Rc3 24. Nc4 Rc8 25. Rb1 Qe7 26. Ra2 Rd3 27. Rab2 Nc3 28. Qe1 Nxb1 29. Qxb1 Qb4 30. Rc2 Rxb3 31. Qc1 Rb1 0-1

[Event "*** Titled Tuesday Blitz"]
[Site "Chess.com"]
[Date "2020.03.03"]
[Round "7"]
[White "Arystanner"]
[Black "Orest_Vovk"]
[Result "1-0"]
[WhiteElo "2743"]
[BlackElo "2537"]
[TimeControl "180+1"]
[EndTime "10:12:26 PST"]
[Termination "Arystanner won by checkmate"]

1. e4 e5 2. Nf3 Nf6 3. Nxe5 d6 4. Nf3 Nxe4 5. d4 Be7 6. Bd3 Ng5 7. Bxg5 Bxg5 8. O-O O-O 9. Nxg5 Qxg5 10. Nd2 Bg4 11. Qe1 Bh3 12. Qe4 f5 13. Qd5+ Kh8 14. f4 Qg6 15. Qf3 Bg4 16. Qxb7 Nd7 17. Qxc7 Nb6 18. Rae1 Nd5 19. Qb7 Nf6 20. Kh1 d5 21.
Nf3 Bxf3 22. Rxf3 Rab8 23. Qxa7 Rxb2 24. Rg3 Qh6 25. Bxf5 Nh5 26. Rh3 g6 27. Bd3 Qxf4 28.
Rxh5 Qf2 29. Qxh7# 1-0

[Event "*** Titled Tuesday Blitz"]
[Site "Chess.com"]
[Date "2020.03.03"]
[Round "7"]
[White "karwowskikacper"]
[Black "davserr65"]
[Result "1-0"]
[WhiteElo "2368"]
[BlackElo "2047"]
[TimeControl "180+1"]
[EndTime "10:12:30 PST"]
[Termination "karwowskikacper won by resignation"]

1. e4 c5 2. Nf3 d6 3. c3 Nf6 4. h3 g6 5. Bd3 Bg7 6. O-O O-O 7. Bc2 Nc6 8. d4 cxd4 9. cxd4 e5 10. Nc3 h6 11. d5 Ne7 12. a4 Nd7 13. b4 f5 14.
a5 f4 15. Ba3 a6 16. b5 Nf6 17. b6 g5 18. Nh2 Ng6 19. f3 Nh5 20. Ne2 Nh4 21. Qe1 Nf6 22. Qb4 Ne8 23. Ba4 Rf6 24.
Rac1 Bd7 25. Rc3 Bxa4 26. Qxa4 Bf8 27. Rfc1 h5 28. Qc2 Rf7 29. Rc8 Rxc8 30. Qxc8 Rd7 31. Qxd8 Rxd8 32. Rc4 Ng6 33. Nc1 Ne7 34. Nd3 Rc8 35.
Rxc8 Nxc8 36. Nb4 Nf6 37. Nxa6 Nd7 38. Nc7 Kf7 39. Nf1 Be7 40. Nd2 g4 41. hxg4 hxg4 42. fxg4 Nf6 43. g5 Nh7 44. g6+ Kxg6 45. Nc4 Nf6 46.
a6 1-0

[Event "*** Titled Tuesday Blitz"]
[Site "Chess.com"]
[Date "2020.03.03"]
[Round "7"]
[White "moro182"]
[Black "FairChess_on_YouTube"]
[Result "0-1"]
[WhiteElo "2684"]
[BlackElo "3043"]
[TimeControl "180+1"]
[EndTime "10:12:32 PST"]
[Termination "FairChess_on_YouTube won on time"]

1. d4 Nf6 2. Bf4 c5 3. e3 g6 4. Nc3 Bg7 5. Nf3 O-O 6. h3 cxd4 7. exd4 d6 8. Be2 Nbd7 9. O-O a6 10. a4 b6 11. Nd2 Bb7 12. Bf3 Qc7 13. Re1 Rfe8 14.
Bg5 Rac8 15. Bxb7 Qxb7 16. Qf3 Qxf3 17. Nxf3 h6 18. Bxf6 Nxf6 19. Ra3 Kf8 20. Rb3 Nd7 21. Re2 Rc4 22. Nd5 Bxd4 23. Nxd4 Rxd4 24. Nxb6 Nc5 25. Ra3 Rb4 26. a5 Rxb2 27. Rae3 e6 28. Nc4 Rb1+ 29.
Kh2 Rd8 30. Rd2 Ke7 31. Nb6 Rb5 32. Nd5+ Kf8 33. Nb6 Rxa5 34. Nc4 Ra4 35. Nxd6 Ke7 0-1

[Event "*** Titled Tuesday Blitz"]
[Site "Chess.com"]
[Date "2020.03.03"]
[Round "7"]
[White "GameOverBro"]
[Black "afgano29"]
[Result "0-1"]
[WhiteElo "2568"]
[BlackElo "2713"]
[TimeControl "180+1"]
[EndTime "10:12:33 PST"]
[Termination "afgano29 won by resignation"]

1. e4 c5 2. Ne2 Nc6 3. Nbc3 Nf6 4.
g3 g6 5. d4 cxd4 6. Nxd4 d6 7. Bg2 Bd7 8. O-O Bg7 9. Nde2 O-O 10.
a4 a6 11. Re1 Rb8 12. Nd5 b5 13. axb5 axb5 14. c3 b4 15. Nd4 bxc3 16. bxc3 Nxd5 17.
exd5 Nxd4 18. cxd4 Rb4 19. Be3 Bf6 20. Rb1 Qb6 21. Rxb4 Qxb4 22. Qb1 Rb8 23. Qxb4 Rxb4 24. h4 h5 25. Bf3 Bf5 26. Kg2 Kf8 27. Rd1 Ke8 28. Be2 Kd7 29. Bd3 Bxd3 30. Rxd3 Rb5 31.
Kf3 Rxd5 32. Ke4 Rb5 33. Ra3 d5+ 34. Kd3 Rb7 35. Bf4 e6 36. Rc3 Bd8 37. Ra3 Be7 38. Rc3 Bd6 39. Bxd6 Kxd6 40. Ra3 Rb2 41. Ra6+ Ke7 42.
Ke3 Rb3+ 43. Kf4 Kf6 44. Ra4 Rd3 45. f3 Rxd4+ 46. Rxd4 e5+ 47. Ke3 exd4+ 48. Kxd4 Ke6 49. Kd3 Ke5 50. Ke3 d4+ 51. Kd3 Kd5 52. g4 Ke5 53.
gxh5 gxh5 54. f4+ Kxf4 55. Kxd4 Kg4 56. Ke4 Kxh4 57. Kf4 Kh3 58. Kf3 h4 0-1

[Event "*** Titled Tuesday Blitz"]
[Site "Chess.com"]
[Date "2020.03.03"]
[Round "7"]
[White "sganerdene"]
[Black "IMRosen"]
[Result "1-0"]
[WhiteElo "2691"]
[BlackElo "2498"]
[TimeControl "180+1"]
[EndTime "10:12:36 PST"]
[Termination "sganerdene won by resignation"]

1. e4 e5 2. Nf3 Nf6 3. Nc3 Nc6 4.
Bb5 Bb4 5. O-O O-O 6. d3 d6 7. Bg5 Ne7 8. Nh4 c6 9. Ba4 Ng6 10. Nxg6 hxg6 11. Bb3 a5 12. a3 Bc5 13. Qf3 Be6 14.
Bxe6 fxe6 15. Qh3 Qd7 16. Ne2 Nh5 17. Be3 Rf6 18. Bxc5 dxc5 19. Qe3 b6 20. b4 cxb4 21. axb4 Qc7 22. bxa5 Rxa5 23. Rab1 c5 24. g3 Ra2 25. Rfc1 Qd6 26. Nc3 Ra8 27. Rf1 Rf7 28.
Rb2 Rb8 29. Rfb1 Rfb7 30. Qg5 Nf6 31. Qxg6 Qd4 32. Ne2 Qd8 33. Qg5 Qc7 34. f4 exf4 35. Nxf4 Nh7 36. Qg6 Qf7 37. Qxe6 Nf8 38. Qxf7+ Kxf7 39. Nd5 b5 40. Rb3 b4 41. c3 Ne6 42. cxb4 cxb4 43.
Rxb4 Rxb4 44. Rxb4 Rc8 45. Rb7+ Kg8 46. Ne7+ 1-0

[Event "*** Titled Tuesday Blitz"]
[Site "Chess.com"]
[Date "2020.03.03"]
[Round "7"]
[White "PotapovaM"]
[Black "NTBT_DHS"]
[Result "0-1"]
[WhiteElo "2560"]
[BlackElo "2708"]
[TimeControl "180+1"]
[EndTime "10:12:38 PST"]
[Termination "NTBT_DHS won by checkmate"]

1. d4 Nf6 2. c4 g6 3. Nc3 Bg7 4. e4 O-O 5. Nf3 d6 6. h3 e5 7. d5 a5 8. g4 Na6 9. Be3 Nd7 10. Be2 Ndc5 11. a3 a4 12. Nd2 Bd7 13. h4 f5 14. g5 Qe7 15. Qc2 fxe4 16. Ndxe4 Bf5 17. Bd3 Nb3 18. Rd1 Nd4 19. Qb1 Nf3+ 20. Kf1 Qd7 21. Kg2 Bxe4 22. Nxe4 Qg4+ 23. Ng3 Nxh4+ 24.
Rxh4 Qxh4 25. Rh1 Qg4 26. Bxg6 hxg6 27. Qxg6 Rf7 28. Qh7+ Kf8 29. g6 Rf3 30. Rh4 Rxg3+ 31. fxg3 Qe2+ 32. Bf2 Nc5 33. Rh5 Qe4+ 34. Kh2 Nd3 35. Bg1 Ne1 36. Kh3 Nf3 37. Bf2 Nd2 38. Bg1 Nf1 39. Bf2 Qf3 40. Be1 Qh1+ 41. Kg4 Ne3+ 42.
Kg5 Qf3 43. Rh1 Qg4# 0-1

[Event "*** Titled Tuesday Blitz"]
[Site "Chess.com"]
[Date "2020.03.03"]
[Round "7"]
[White "ethylalcohol"]
[Black "Komissarov_alex"]
[Result "1-0"]
[WhiteElo "2140"]
[BlackElo "1761"]
[TimeControl "180+1"]
[EndTime "10:12:38 PST"]
[Termination "ethylalcohol won on time"]

1. d4 Nf6 2. Nf3 d5 3. Bf4 Bf5 4. e3 e6 5. Bd3 Bxd3 6. Qxd3 c5 7.
dxc5 Bxc5 8. Qb5+ Nbd7 9. Qxb7 O-O 10. O-O Nh5 11. Bc7 Qe7 12. Qb5 Ndf6 13. Be5 Ng4 14. Bc3 Rfb8 15. Qe2 Nhf6 16. h3 Nh6 17. Nbd2 Nf5 18.
Nd4 Ne4 19. Nxe4 dxe4 20. Nc6 Qg5 21. Nxb8 Rxb8 22. Qg4 Qf6 23. Bxf6 1-0

[Event "*** Titled Tuesday Blitz"]
[Site "Chess.com"]
[Date "2020.03.03"]
[Round "7"]
[White "DonPreuss"]
[Black "secretsuperstar7"]
[Result "1-0"]
[WhiteElo "2178"]
[BlackElo "2195"]
[TimeControl "180+1"]
[EndTime "10:12:38 PST"]
[Termination "DonPreuss won by resignation"]

1. Nc3 e5 2. e4 Nf6 3. f4 d6 4. Nf3 Nc6 5. d4 exd4 6. Nxd4 g6 7.
Nxc6 bxc6 8. Bd3 Bg7 9. O-O O-O 10. Qe1 Re8 11. Qh4 c5 12. f5 Nd7 13. Bg5 f6 14.
fxg6 hxg6 15. Bh6 c6 16. Bc4+ Kf8 17. Rf3 f5 18. Bg5 Nf6 19. exf5 gxf5 20. Raf1 Re5 21. g4 d5 22. Bd3 c4 23. Bxf5 Qb6+ 24. Kh1 Bxf5 25. Rxf5 Rxf5 26. Rxf5 Re8 27. Bxf6 Re1+ 28. Qxe1 1-0

[Event "*** Titled Tuesday Blitz"]
[Site "Chess.com"]
[Date "2020.03.03"]
[Round "7"]
[White "SanchezKelvin"]
[Black "Zavgorodniy_Serg"]
[Result "1-0"]
[WhiteElo "2348"]
[BlackElo "2522"]
[TimeControl "180+1"]
[EndTime "10:12:39 PST"]
[Termination "SanchezKelvin won by resignation"]

1. d4 Nf6 2. c4 e6 3. Nf3 Bb4+ 4. Nbd2 d5 5. g3 O-O 6. Bg2 dxc4 7. O-O b5 8. Ne5 Nd5 9. a4 c6 10. Ne4 f6 11. Nf3 Nd7 12. Qc2 Be7 13. b3 Nb4 14.
Qb1 cxb3 15. Qxb3 Nb6 16. axb5 cxb5 17. Nc5 a5 18. Nxe6 Bxe6 19. Qxe6+ Kh8 20. Bd2 Re8 21. Qf5 Qd7 22. Qb1 Nc4 23. Bc3 Nd5 24. Bxa5 Rxa5 25.
Rxa5 Nxa5 26. e4 Nc3 27. Qa1 b4 28. Qxa5 Rb8 29. e5 Ne2+ 30. Kh1 b3 31. Qd2 b2 32. Rb1 Qa7 33. Qxe2 Qa1 34. Nd2 Bb4 35. Be4 1-0

[Event "*** Titled Tuesday Blitz"]
[Site "Chess.com"]
[Date "2020.03.03"]
[Round "7"]
[White "HouseOfDurin"]
[Black "Martins-BR"]
[Result "0-1"]
[WhiteElo "2094"]
[BlackElo "2319"]
[TimeControl "180+1"]
[EndTime "10:12:43 PST"]
[Termination "Martins-BR won on time"]

1. d4 f5 2. Bg5 h6 3. Bh4 c5 4. e3 Qb6 5. dxc5 Qb4+ 6. Nc3 Qxh4 7. Nd5 Kd8 8. Nf3 Qh5 9. Be2 Qe8 10. Qd2 Nc6 11. b4 e6 12. Nf4 g5 13. Nxg5 hxg5 14.
Bh5 Rxh5 15. Nxh5 Qxh5 16. b5 Bxc5 17. bxc6 bxc6 18. Qa5+ Bb6 19. Qe5 Qg6 20. O-O Bc7 21.
Qh8 Ke7 22. g3 c5 23. Rfd1 Bb7 24. Rab1 Bc6 25. Qc3 d6 26. Qa3 Nf6 27. Qa6 Bf3 28. Rd2 Qh7 29. Rb7 Qxh2+ 30. Kxh2 Rh8+ 0-1

[Event "*** Titled Tuesday Blitz"]
[Site "Chess.com"]
[Date "2020.03.03"]
[Round "7"]
[White "DACF2905"]
[Black "MathiasWomacka"]
[Result "0-1"]
[WhiteElo "2206"]
[BlackElo "2381"]
[TimeControl "180+1"]
[EndTime "10:12:49 PST"]
[Termination "MathiasWomacka won by resignation"]

1. c4 c5 2. Nc3 Nf6 3. Nf3 e6 4. g3 b6 5. Bg2 Bb7 6. O-O Be7 7. d4 cxd4 8. Nxd4 Bxg2 9. Kxg2 Qc8 10. b3 Qb7+ 11.
Nf3 O-O 12. Bf4 a6 13. Bd6 Bxd6 14. Qxd6 b5 15. c5 Nc6 16. Rad1 Rfd8 17. a3 a5 18. h3 b4 19. Na4 bxa3 20. Nb6 Rab8 21. g4 Ne4 22.
Qf4 Nxc5 23. Nc4 d5 24. Nd6 Qc7 25. Rc1 Nxb3 26. Rxc6 Qxc6 27. Qxf7+ Kh8 28. Ng5 Rxd6 29. Qh5 h6 30. Nf7+ Kh7 31. Ne5 Qc7 32. Qg6+ Kg8 33.
f4 Nd4 34. f5 exf5 35. gxf5 Rxg6+ 36. Nxg6 Nxe2 0-1